 Dungeon Crawl Stone Soup version 0.18.1-48-g4cf74bf (webtiles) character file.

67351 Gargoyl the Tortoise (level 14, -12/186 HPs)
             Began as a Demonspawn Abyssal Knight on Aug 9, 2016.
             Was the Champion of Lugonu.
             Mangled by Rupert
             ... wielding a +1 great sword of slicing
              (15 damage)
             ... on level 12 of the Dungeon on Aug 10, 2016.
             The game lasted 01:00:21 (34821 turns).

Gargoyl the Tortoise (Demonspawn Abyssal Knight)   Turns: 34821, Time: 01:00:21

Health: -12/186    AC: 24    Str: 24    XL:     14   Next: 82%
Magic:  17/17      EV: 20    Int: 13    God:    Lugonu [******]
Gold:   1430       SH:  6    Dex: 21    Spells: 0 memorised, 13 levels left

rFire  . . .     SeeInvis .     a - +5 hand axe (venom)
rCold  . . .     Gourm    +     S - +0 plate armour
rNeg   + . .     Faith    .     k - +0 buckler {rN+}
rPois  +         Spirit   .     A - +2 helmet
rElec  .         Dismiss  .     y - +2 cloak {+Inv}
rCorr  .         Reflect  .     (no gloves)
SustAt .         Harm     .     (no boots)
MR     +....                    N - amulet of the gourmand
Stlth  ..........               D - ring of poison resistance
                                d - +2 ring of evasion

@: mighty, agile, berserking, very slightly contaminated, hasted, invisible,
very quick, somewhat resistant to hostile enchantments, extremely unstealthy
A: talons 2, thin skeletal structure 2, demonic guardian 1, powered by pain 1,
robust 1
a: Depart the Abyss, Bend Space, Banish, Corrupt, Enter the Abyss, Brand Weapon
With Distortion, Renounce Religion


You were on level 12 of the Dungeon.
You worshipped Lugonu.
Lugonu was exalted by your worship.
You were full.

You visited 2 branches of the dungeon, and saw 20 of its levels.
You visited the Abyss 1 time.
You also visited: Volcano.

You collected 1430 gold pieces.

Inventory:

Hand Weapons
 a - a +5 hand axe of venom (weapon)
 o - a +0 scimitar of slicing
Missiles
 M - 7 tomahawks (quivered)
Armour
 k - a +0 buckler of positive energy (worn)
 y - a +2 cloak of invisibility (worn)
 A - a +2 helmet (worn)
 S - a +0 plate armour (worn)
Jewellery
 d - a +2 ring of evasion (left hand)
 h - an uncursed ring of protection from fire
 B - an uncursed ring of resist corrosion
 C - an uncursed ring of protection from fire
 D - a ring of poison resistance (right hand)
 F - an uncursed ring of positive energy
 N - an amulet of the gourmand (around neck)
Wands
 g - a wand of acid (14/15)
 l - a wand of slowing (9/48)
 r - a wand of random effects (27/48)
 G - a wand of acid (3/15)
 H - a wand of polymorph (10/24)
 O - a wand of teleportation (9/9)
 P - a wand of random effects (33/48)
 R - a wand of teleportation (4/9)
Scrolls
 f - a scroll of fear
 j - 2 scrolls of fog
 m - 4 scrolls of recharging
 n - 6 scrolls of teleportation
 w - a scroll of identify
 E - 2 scrolls of amnesia
 Q - 2 scrolls of remove curse
 W - a scroll of blinking
Potions
 e - 2 potions of haste
 q - a potion of cancellation
 t - a potion of agility
 u - a potion of might
 v - a potion of resistance
 V - a potion of degeneration {unknown}
 X - a potion of mutation {unknown}
Books
 b - a book of Power

   Spells                             Type                      Level
   a - Fulminant Prism                Conjuration/Hexes            4
   b - Iskenderun's Mystic Blast      Conjuration                  4
   c - Venom Bolt                     Conjuration/Poison           5
   d - Bolt of Magma                  Conjuration/Fire/Earth       5
   e - Iron Shot                      Conjuration/Earth            6
   f - Orb of Destruction             Conjuration                  7
   g - Spellforged Servitor           Conjuration/Summoning        7
 p - a book of Necromancy

   Spells                             Type                      Level
   a - Pain                           Necromancy                   1
   b - Animate Skeleton               Necromancy                   1
   c - Vampiric Draining              Necromancy                   3
   d - Regeneration                   Charms/Necromancy            3
   e - Animate Dead                   Necromancy                   4
   f - Control Undead                 Necromancy                   4
 I - a book of Party Tricks

   Spells                             Type                      Level
   a - Summon Butterflies             Summoning                    1
   b - Apportation                    Translocation                1
   c - Tukima's Dance                 Hexes                        3
   d - Alistair's Intoxication        Transmutation/Poison         5
   e - Invisibility                   Hexes                        6
 J - a book of Geomancy

   Spells                             Type                      Level
   a - Sandblast                      Earth                        1
   b - Passwall                       Transmutation/Earth          2
   c - Stone Arrow                    Conjuration/Earth            3
   d - Petrify                        Transmutation/Earth          4
   e - Lee's Rapid Deconstruction     Earth                        5
Miscellaneous
 s - a plain deck of summoning
Comestibles
 c - 14 bread rations
 i - 13 meat rations
 x - 7 beef jerkies
 K - 22 fruits
 L - a slice of pizza


   Skills:
 + Level 11.5 Fighting
 + Level 11.5 Axes
 * Level 15.3 Armour
 + Level 7.7 Dodging
 + Level 4.5 Stealth
 + Level 5.5 Shields
 + Level 4.4 Invocations
 + Level 1.0 Evocations


You had 13 spell levels left.
You didn't know any spells.

Dungeon Overview and Level Annotations

Branches:
Dungeon (12/15)            Temple (0/1) D:5            Lair (8/8) D:9
 Shoals (0/4) Lair:3        Snake (0/4) Lair:5        Slime (0/6) Lair:6
    Orc (0/2) D:11

Altars:
Ashenzari
Cheibriados
Dithmenos
Elyvilon
Fedhas
Makhleb
Nemelex Xobeh
Okawaru
Qazlal
Sif Muna
Vehumet
Yredelemnul
The Shining One
Jiyva

Shops:
D:7 *

Annotations:
D:4 Drashi's ghost, amateur OgBe
D:12 Rupert


Innate Abilities, Weirdness & Mutations

You have razor-sharp toenails.
You have a moderately thin skeletal structure (Dex +4, Stealth+).
A weak demonic guardian rushes to your aid.
You sometimes gain a little power by taking damage.
You are robust (+10% HP).


Message History

You feel better.
Rupert hits you with a great sword of slicing.
* * * LOW HITPOINT WARNING * * *
x2 Drink which item? (? for menu, Esc to quit)
A red film seems to cover your vision as you go berserk!
You feel yourself moving faster!
You feel mighty!
Rupert hits you with a great sword of slicing!!
* * * LOW HITPOINT WARNING * * *
x2 You slash Rupert!
You claw Rupert!
Rupert is severely wounded.
You slash Rupert!
Rupert is severely wounded.
Rupert barely misses you.
Your iron imp hits Rupert.
You hit Rupert but do no damage. You claw Rupert.
Rupert is severely wounded.
Rupert is no longer berserk.
You hit Rupert.
Rupert is almost dead.
Rupert hits you with a great sword of slicing!
You die...

#..# #...##..#..#
.#####..#
#...##..#..#
.....>..#
#...##.....#
######..#
#...##.##..# #..#
#...##.##... #..#
#......##... #..#
#......##...
#..####......##...
#@.......###.##...
#@5#####.# #.##...
#(.# #.# #.##...
#..# #.# #.##...
#..# #.# #.##...
..((((...# #.#
#...... .######..#
#.# #...... #..#
#.# #..#... #..#
#.# #.[#...


You could see Rupert and a friendly iron imp.

Vanquished Creatures
  A hydra (Lair:7)
  4 catoblepae (Lair:8)
  Erica (D:11)
  A centaur warrior (D:11)
  19 death yaks
  The ghost of sheala the Eclecticist, a journeyman DEWz of Sif Muna (D:11)
  2 fire crabs
  A lindwurm (Volcano)
  2 hill giants
  9 black mambas
  22 elephants
  6 torpor snails
  Maurice (D:11)
  Psyche (D:8)
  11 spiny frogs
  6 rime drakes
  12 komodo dragons
  A merfolk (D:10)
  A polar bear (Lair:4)
  3 trolls
  18 blink frogs
  27 yaks
  A shadow (D:12)
  2 wyverns
  2 basilisks
  5 fire bats (Volcano)
  A human (D:11)
  2 vampire mosquitoes (D:12)
  2 steam dragons
  11 hippogriffs
  A warg (D:11)
  A soldier ant (D:11)
  A mottled dragon (Volcano)
  3 nagas (Lair:5)
  10 water moccasins
  10 porcupines
  2 orc warriors (D:11)
  2 phantoms (D:10)
  4 sky beasts
  2 ice beasts
  4 necrophages
  5 ogres
  2 centaurs
  12 wolves
  17 crocodiles
  20 giant frogs
  A wyvern zombie (D:11)
  4 scorpions
  14 killer bees
  4 wights (D:10)
  A howler monkey (D:9)
  An electric eel (Lair:3)
  7 crimson imps
  4 lava snakes (Volcano)
  2 centaur zombies
  A giant frog zombie (D:11)
  4 centaur skeletons
  8 jellies
  Crazy Yiuf (D:7)
  7 orc priests
  4 giant frog skeletons
  8 hounds
  11 iguanas
  12 orc wizards
  19 worker ants
  3 hell rats
  A killer bee zombie (D:5)
  16 sheep
  4 hound skeletons
  A worker ant zombie (D:5)
  16 adders
  4 gnolls
  104 river rats
  4 shadow imps
  2 oozes
  2 adder zombies (D:5)
  A worm (D:2)
  4 dart slugs
  6 giant geckos
  32 orcs
  2 ball pythons
  8 bats
  4 giant cockroaches
  11 goblins
  3 hobgoblins
  4 jackals
  6 quokkas
  3 giant newts
  A jackal skeleton (D:4)
  11 kobolds
  11 rats
  A spectral orc (D:9)
  A butterfly (Lair:7)
  3 fungi
  3 plants
657 creatures vanquished.

Vanquished Creatures (collateral kills)
  2 death yaks (Lair:8)
  A spiny frog (Lair:5)
  A black mamba (Lair:8)
  A komodo dragon (Lair:3)
  2 blink frogs
  2 yaks
  A hippogriff (D:7)
  3 fire bats (Volcano)
  2 black bears (D:9)
  A wolf (Lair:4)
  A giant frog (Lair:7)
  4 killer bees
  A crimson imp (D:10)
  A sheep (Lair:8)
  2 river rats (Lair:7)
  An adder skeleton (D:7)
26 creatures vanquished.

Vanquished Creatures (others)
  4 hydras
  A bush (Lair:5)
  A butterfly (Lair:8)
  29 fungi
  20 plants
55 creatures vanquished.

Grand Total: 738 creatures vanquished

Notes
Turn   | Place    | Note
--------------------------------------------------------------
     0 | Abyss:1  | Gargoyl the Demonspawn Abyssal Knight began the quest for the Orb.
     0 | Abyss:1  | Reached XP level 1. HP: 18/18 MP: 2/2
   131 | Abyss:2  | Noticed an apocalypse crab
   159 | D:1      | Escaped the Abyss
   576 | D:1      | Gained mutation: You have sharp toenails. [demonic ancestry]
   576 | D:1      | Reached XP level 2. HP: 15/24 MP: 3/3
   809 | D:1      | Reached * piety under Lugonu
   922 | D:1      | Reached skill level 2 in Armour
  1447 | D:2      | Gained mutation: You have razor-sharp toenails. [demonic ancestry]
  1447 | D:2      | Reached XP level 3. HP: 29/29 MP: 4/4
  1453 | D:2      | Reached skill level 1 in Dodging
  1673 | D:2      | Found a glowing golden altar of the Shining One.
  1858 | D:2      | HP: 2/43 [adder (1)]
  2038 | D:2      | Reached ** piety under Lugonu
  2038 | D:2      | Gained mutation: You have a somewhat thin skeletal structure (Dex +2, Stealth). [demonic ancestry]
  2038 | D:2      | Reached XP level 4. HP: 27/37 MP: 6/6
  2990 | D:3      | Reached skill level 3 in Armour
  3901 | D:4      | Reached XP level 5. HP: 41/42 MP: 7/7
  3903 | D:4      | Found a blossoming altar of Fedhas.
  3903 | D:4      | Found a stormy altar of Qazlal.
  4028 | D:4      | Noticed Drashi's ghost (amateur OgBe)
  4334 | D:4      | HP: 2/42 [spatial distortion (2)]
  4706 | D:4      | Noticed a crocodile
  4715 | D:4      | Killed a crocodile
  4715 | D:4      | Reached skill level 4 in Armour
  4715 | D:4      | Reached XP level 6. HP: 9/48 MP: 8/8
  5206 | D:4      | Reached *** piety under Lugonu
  5777 | D:5      | Entered Level 5 of the Dungeon
  5944 | D:5      | Found a deep blue altar of Sif Muna.
  6013 | D:5      | Gained mutation: You sometimes gain a little power by taking damage. [demonic ancestry]
  6013 | D:5      | Reached XP level 7. HP: 14/54 MP: 9/9
  6282 | D:5      | Found a staircase to the Ecumenical Temple.
  6562 | D:5      | Reached skill level 5 in Armour
  7348 | D:5      | Reached skill level 6 in Armour
  7348 | D:5      | Reached XP level 8. HP: 39/58 MP: 10/10
  7700 | D:5      | Reached skill level 5 in Fighting
  8432 | D:6      | Reached skill level 7 in Armour
  8971 | D:6      | Reached **** piety under Lugonu
  9125 | D:6      | Gained mutation: A weak demonic guardian rushes to your aid. [demonic ancestry]
  9125 | D:6      | Reached XP level 9. HP: 60/69 MP: 11/11
  9402 | D:7      | Reached skill level 1 in Evocations
  9475 | D:7      | Reached skill level 8 in Armour
  9772 | D:7      | Reached skill level 5 in Axes
  9868 | D:7      | Noticed a troll
  9878 | D:7      | Killed a troll
  9972 | D:7      | Found Dinitzau's General Store.
 10073 | D:7      | Found a radiant altar of Vehumet.
 10125 | D:7      | Noticed Crazy Yiuf
 10136 | D:7      | Killed Crazy Yiuf
 10558 | D:8      | Reached skill level 9 in Armour
 10750 | D:8      | Found a shattered altar of Ashenzari.
 10856 | D:8      | Found a shadowy altar of Dithmenos.
 10896 | D:8      | Noticed Psyche
 10914 | D:8      | Killed Psyche
 11077 | D:8      | Found a white marble altar of Elyvilon.
 11607 | D:8      | Found a sparkling altar of Nemelex Xobeh.
 11819 | D:9      | Gained mutation: You have a moderately thin skeletal structure (Dex +4, Stealth+). [demonic ancestry]
 11819 | D:9      | Reached XP level 10. HP: 59/77 MP: 12/12
 11928 | D:9      | Found a staircase to the Lair.
 11934 | D:9      | Noticed an elephant
 11947 | D:9      | Killed an elephant
 12196 | D:9      | Noticed a death yak
 12211 | D:9      | Killed a death yak
 12211 | D:9      | Reached skill level 10 in Armour
 12211 | D:9      | Reached skill level 1 in Stealth
 12445 | D:9      | Reached ***** piety under Lugonu
 13181 | D:9      | Found a burning altar of Makhleb.
 13488 | D:9      | Found a basalt altar of Yredelemnul.
 13536 | D:10     | Entered Level 10 of the Dungeon
 13536 | D:10     | Noticed a hill giant
 13558 | D:9      | Killed a hill giant
 13638 | D:10     | Reached skill level 5 in Dodging
 13735 | D:10     | Gained mutation: You have a pair of small antennae on your head. [mutagenic meat]
 13736 | D:10     | Gained mutation: You are frail (-10% HP). [mutagenic meat]
 13737 | D:10     | Gained mutation: Your spells are a little harder to cast, but a little more powerful. [mutagenic meat]
 13738 | D:10     | Lost mutation: You are frail (-10% HP). [mutagenic meat]
 13748 | D:10     | Lost mutation: Your spells are a little harder to cast, but a little more powerful. [potion of cure mutation]
 13748 | D:10     | Lost mutation: You have a pair of small antennae on your head. [potion of cure mutation]
 13820 | D:10     | Reached skill level 11 in Armour
 14541 | Lair:1   | Entered Level 1 of the Lair of Beasts
 14595 | Lair:1   | Identified a scroll of acquirement
 14661 | Lair:1   | Noticed a spiny frog
 14672 | Lair:1   | Killed a spiny frog
 14672 | Lair:1   | Gained mutation: You are robust (+10% HP). [demonic ancestry]
 14672 | Lair:1   | Reached XP level 11. HP: 39/94 MP: 13/13
 14907 | Lair:1   | Found a dark tunnel.
 14912 | Volcano  | Entered a volcano
 15039 | Volcano  | Noticed a lindwurm
 15099 | Volcano  | Killed a lindwurm
 15401 | Volcano  | Found a bloodstained altar of Trog.
 15906 | Lair:1   | Reached skill level 1 in Shields
 16909 | Lair:1   | Noticed a seven-headed hydra
 16917 | Lair:1   | Banished a seven-headed hydra
 17892 | Lair:2   | Reached skill level 12 in Armour
 18056 | Lair:2   | Reached ****** piety under Lugonu
 18747 | Lair:3   | HP: 4/95 [komodo dragon (23)]
 19181 | Lair:3   | Reached XP level 12. HP: 38/104 MP: 14/14
 20097 | Lair:3   | Noticed a five-headed hydra
 20099 | Lair:3   | Banished a five-headed hydra
 20530 | Lair:3   | Found a staircase to the Shoals.
 20994 | Lair:4   | Noticed a death yak
 20996 | Lair:4   | Noticed a death yak
 21008 | Lair:4   | Killed a death yak
 21015 | Lair:4   | Killed a death yak
 21321 | Lair:4   | HP: 4/105 [rime drake/flash freeze (13)]
 21505 | Lair:4   | Noticed a death yak
 21535 | Lair:4   | Killed a death yak
 21535 | Lair:4   | Reached skill level 13 in Armour
 23786 | Lair:5   | Found a staircase to the Snake Pit.
 24653 | Lair:6   | Reached XP level 13. HP: 100/113 MP: 15/15
 24664 | Lair:6   | Reached skill level 10 in Fighting
 24708 | Lair:6   | Found a runed door.
 24712 | Lair:6   | Found a viscous altar of Jiyva.
 24712 | Lair:6   | Found a staircase to the Slime Pits.
 26643 | Lair:6   | HP: 1/113 [death yak[a torpor snail] (10)]
 27452 | Lair:7   | Reached skill level 14 in Armour
 27769 | Lair:7   | Found a snail-covered altar of Cheibriados.
 27913 | Lair:7   | Reached skill level 10 in Axes
 28917 | Lair:8   | Entered Level 8 of the Lair of Beasts
 29687 | Lair:8   | Reached XP level 14. HP: 68/122 MP: 17/17
 29688 | Lair:8   | Reached skill level 5 in Shields
 31961 | Lair:8   | HP: 6/124 [death yak (16)]
 32347 | Lair:8   | Reached skill level 15 in Armour
 33304 | D:11     | Noticed sheala's ghost (journeyman DEWz)
 33331 | D:11     | Killed sheala's ghost
 33416 | D:11     | Found a staircase to the Orcish Mines.
 33542 | D:11     | HP: 5/124 [yak (11)]
 33989 | D:11     | Noticed Maurice
 34002 | D:11     | Killed Maurice
 34369 | D:11     | Noticed Erica
 34376 | D:11     | Killed Erica
 34744 | D:12     | Found an iron altar of Okawaru.
 34788 | D:12     | Noticed Rupert
 34817 | D:12     | HP: 9/186 [Rupert/great sword of slicing (25)]
 34817 | D:12     | HP: 2/186 [Rupert/great sword of slicing (7)]
 34821 | D:12     | Mangled by Rupert

Skill      XL: |  1  2  3  4  5  6  7  8  9 10 11 12 13 14 |
---------------+-------------------------------------------+-----
Armour         | 2 3 4 6 7 9 11 12 13 14 15 | 15.3
Axes           | 2 3 4 5 6 8 9 10 11 | 11.5
Dodging        | 1 2 3 4 5 6 7 |  7.7
Fighting       | 4 5 6 8 9 10 11 | 11.5
Evocations     | 1 |  1.0
Stealth        | 1 2 3 4 |  4.5
Shields        | 2 3 4 5 |  5.5
Invocations    | 3 4 |  4.4

Action                   |  1- 3 |  4- 6 |  7- 9 | 10-12 | 13-15 || total
-------------------------+-------+-------+-------+-------+-------++-------
Melee: Hand axe          |   140 |   233 |   527 |  1050 |  1054 ||  3004
       Kick              |    19 |    44 |   156 |   385 |   492 ||  1096
       Battleaxe         |       |       |       |       |     3 ||     3
Throw: Tomahawk          |       |       |       |       |     5 ||     5
Invok: Depart the Abyss  |     1 |       |       |       |       ||     1
       Bend Space        |       |     1 |       |       |     3 ||     4
       Banish            |       |       |       |     2 |     2 ||     4
Evoke: Wand              |       |     2 |     7 |     1 |       ||    10
  Use: Potion            |     4 |     1 |     4 |     8 |    15 ||    32
       Scroll            |       |    11 |     6 |    14 |    10 ||    41
 Stab: Distracted        |       |       |       |     5 |    14 ||    19
       Petrifying        |       |       |       |       |     4 ||     4
       Petrified         |       |       |       |       |     1 ||     1
  Eat: Chunk             |     4 |    12 |    16 |    47 |    39 ||   118
       Bread ration      |       |       |     1 |     1 |       ||     2
       Fruit             |       |       |       |    10 |       ||    10
Armor: Scale mail        |    37 |       |       |       |       ||    37
       Leather armour    |     1 |       |       |       |       ||     1
       Chain mail        |    33 |   140 |   355 |   513 |   250 ||  1291
       Skin              |     7 |    10 |       |       |       ||    17
       Plate armour      |       |       |       |       |   326 ||   326
Dodge: Dodged            |    97 |   142 |   317 |   719 |   652 ||  1927
Block: Buckler           |       |       |       |   198 |   250 ||   448
